 Dungeon Crawl Stone Soup version 0.21.1-1-g345015f (webtiles) character file.

1913 wojtek the Cleaver (level 8, -1/69 HPs)
             Began as a Minotaur Fighter on July 23, 2018.
             Slain by dscm's ghost (8 damage)
             ... on level 7 of the Dungeon.
             The game lasted 00:07:04 (6780 turns).

wojtek the Cleaver (Minotaur Fighter)               Turns: 6780, Time: 00:07:05

Health: -1/69      AC:  7    Str: 23    XL:     8   Next: 95%
Magic:  7/7        EV:  9    Int:  5    God:
Gold:   409        SH: 10    Dex: 10    Spells: 7/7 levels left

rFire    . . .     SeeInvis .   a - +0 war axe
rCold    . . .     Gourm    .   c - +0 shield
rNeg     . . .     Faith    .   y - +0 scale mail (curse)
rPois    .         Spirit   .   (helmet restricted)
rElec    .         Reflect  .   (no cloak)
rCorr    .         Harm     .   (no gloves)
MR       .....                  (no boots)
Stlth    ..........             (no amulet)
HPRegen  0.21/turn              (no ring)
MPRegen  0.10/turn              (no ring)

@: no status effects
A: retaliatory headbutt, horns 2
a: no special abilities


You were on level 7 of the Dungeon.
You were not hungry.

You visited 2 branches of the dungeon, and saw 8 of its levels.

You collected 409 gold pieces.

Inventory:

Hand Weapons
 a - a +0 war axe (weapon)
 D - a +0 hand axe of chopping
Armour
 c - a +0 shield (worn)
 w - a +0 chain mail
 y - a cursed +0 scale mail (worn)
Jewellery
 B - an uncursed ring of wizardry {unknown}
Scrolls
 e - 4 scrolls of magic mapping {unknown}
 j - 2 scrolls of remove curse {unknown}
 k - 3 scrolls of immolation {unknown}
 l - 2 scrolls of amnesia {unknown}
 m - a scroll of enchant weapon {unknown}
 o - 2 scrolls of enchant armour {unknown}
 q - a scroll of teleportation {unknown}
 s - a scroll of fog {unknown}
 x - 2 scrolls of noise {unknown}
 z - 2 scrolls of identify {unknown}
 E - 2 scrolls of vulnerability {unknown}
Potions
 b - a potion of lignification {unknown}
 d - 2 potions of might
 g - a potion of degeneration {unknown}
 h - a potion of haste {unknown}
 i - 2 potions of berserk rage {unknown}
 n - 2 potions of flight {unknown}
 p - 3 potions of curing
 r - a potion of brilliance {unknown}
 t - a potion of invisibility {unknown}
 u - 2 potions of cancellation {unknown}
 v - 2 potions of agility {unknown}
 C - a potion of heal wounds {unknown}
 F - a potion of mutation {unknown}
Books
 A - a book of Frost

   Spells                             Type                      Level
   a - Freeze                         Ice                          1
   b - Throw Frost                    Conjuration/Ice              2
   c - Ozocubu's Armour               Charms/Ice                   3
   d - Throw Icicle                   Conjuration/Ice              4
   e - Summon Ice Beast               Ice/Summoning                4
Comestibles
 f - 15 rations


   Skills:
 + Level 5.6 Fighting
 + Level 11.0 Axes
 + Level 5.6 Armour
 + Level 3.7 Dodging
 + Level 5.6 Shields


You had 7 spell levels left.
You didn't know any spells.

Dungeon Overview and Level Annotations

Branches:
Dungeon (7/15)             Temple (1/1) D:6

Altars:
Ashenzari
Cheibriados
Dithmenos
Elyvilon
Fedhas
Gozag
Hepliaklqana
Kikubaaqudgha
Nemelex Xobeh
Okawaru
Qazlal
Ru
Sif Muna
Trog
Uskayaw
Vehumet
Wu Jian
Xom
Yredelemnul
Zin
The Shining One

Shops:
D:4 *

Annotations:
D:3 2 transporters - elks
D:7 dscm's ghost, novice HOFi


Innate Abilities, Weirdness & Mutations

You reflexively headbutt those who attack you in melee.
You have a pair of horns on your head.


Message History

Dscm's ghost hits you but does no damage.
You hit dscm's ghost.
Dscm's ghost is severely damaged.
Dscm's ghost hits you!
You are too injured to fight recklessly!
You are too injured to fight recklessly!
You are too injured to fight recklessly!
You hit dscm's ghost.
Dscm's ghost is severely damaged.
You block dscm's ghost's attack.
You barely miss dscm's ghost.
Dscm's ghost is severely damaged.
Dscm's ghost hits you!
* * * LOW HITPOINT WARNING * * *
Dscm's ghost hits you!
* * * LOW HITPOINT WARNING * * *
You hit dscm's ghost but do no damage.
Dscm's ghost is severely damaged.
Dscm's ghost hits you!
You die...

#.# #.# ###.##....#.#
#.# #.# #.........# #.#
#.# #.#.......# #.# #.#
#.#[###.### #.# #.#
#.#.# #.# # #####.# #.#
#.#.# #.# ... #.....#
#.#####.#.###.#...#
#.#####
#.......W.........# #.#
#######@########.## #.#
#.# # #.# ##.## #(#
##...## #.# ##.....##
#.###########..........
.....................##
########.######...##.#
#####......# ##.## >#


You could see dscm's ghost.

Vanquished Creatures
  Pikel (D:6)
  The ghost of wistyy the Basher, a novice MiFi (D:6)
  The ghost of dscm the Digger, a novice OpEE (D:5)
  An orc warrior (D:5)
  2 slaves (D:6)
  An ogre (D:4)
  A centaur (D:6)
  A hound (D:4)
  A quasit (D:5)
  A centaur skeleton (D:4)
  2 iguanas
  4 orc wizards
  3 worker ants
  A hound skeleton (D:4)
  7 gnolls
  5 adders
  A shadow imp (D:4)
  2 oozes (D:2)
  An adder skeleton (D:5)
  3 worms
  2 dart slugs
  2 leopard geckos
  13 orcs
  A giant cockroach (D:2)
  7 goblins
  5 hobgoblins
  6 jackals
  A quokka (D:5)
  2 ball pythons
  7 bats
  2 frilled lizards (D:1)
  A giant cockroach zombie (D:3)
  5 kobolds (D:1)
  8 rats
102 creatures vanquished.

Notes
Turn   | Place    | Note
-------+----------+-------------------------------------------
     0 | D:1      | wojtek the Minotaur Fighter began the quest for the Orb.
     0 | D:1      | Reached XP level 1. HP: 19/19 MP: 0/0
   106 | D:1      | Reached skill level 3 in Axes
   113 | D:1      | Reached XP level 2. HP: 26/26 MP: 1/1
   387 | D:1      | Reached skill level 4 in Axes
   661 | D:1      | Reached XP level 3. HP: 31/31 MP: 2/2
  1106 | D:2      | Reached skill level 5 in Axes
  1218 | D:2      | Reached XP level 4. HP: 39/39 MP: 3/3
  1436 | D:3      | Reached skill level 6 in Axes
  1589 | D:3      | Found a transporter.
  1640 | D:3      | Reached XP level 5. HP: 39/45 MP: 4/4
  1935 | D:3      | Found a transporter.
  2362 | D:4      | Reached skill level 7 in Axes
  2404 | D:4      | Found Nytruana's General Store.
  2703 | D:4      | Reached XP level 6. HP: 47/51 MP: 5/5
  2750 | D:3      | Reached skill level 8 in Axes
  3601 | D:5      | Entered Level 5 of the Dungeon
  3609 | D:5      | Noticed dscm's ghost (novice OpEE)
  3645 | D:5      | Killed dscm's ghost
  3645 | D:5      | Reached skill level 9 in Axes
  3645 | D:5      | Reached XP level 7. HP: 46/57 MP: 6/6
  3754 | D:5      | Reached skill level 10 in Axes
  4710 | D:5      | Reached skill level 1 in Dodging
  5148 | D:6      | Found a staircase to the Ecumenical Temple.
  5290 | Temple   | Entered the Ecumenical Temple
  5698 | D:6      | Noticed wistyy's ghost (novice MiFi)
  5715 | D:6      | Killed wistyy's ghost
  5715 | D:6      | Reached XP level 8. HP: 30/67 MP: 7/7
  5978 | D:6      | Reached skill level 5 in Fighting
  5978 | D:6      | Reached skill level 5 in Armour
  5978 | D:6      | Reached skill level 5 in Shields
  6103 | D:6      | Noticed Pikel
  6131 | D:6      | Killed Pikel
  6131 | D:6      | Reached skill level 11 in Axes
  6768 | D:7      | Noticed dscm's ghost (novice HOFi)
  6780 | D:7      | Slain by dscm's ghost

Skill      XL: |  1  2  3  4  5  6  7  8 |
---------------+-------------------------+-----
Axes           | 3 4 5 6 7 9 10 11 | 11.0
Dodging        | 2 3 |  3.7
Fighting       | 4 5 |  5.6
Armour         | 4 5 |  5.6
Shields        | 4 5 |  5.6

Action                   |  1- 3 |  4- 6 |  7- 9 || total
-------------------------+-------+-------+-------++-------
Melee: War axe           |    90 |   138 |   127 ||   355
       Headbutt          |    13 |    14 |    20 ||    47
  Eat: Chunk             |     1 |     6 |     9 ||    16
       Ration            |       |       |     1 ||     1
Armor: Scale mail        |    45 |    22 |    32 ||    99
       Chain mail        |       |    33 |     2 ||    35
Dodge: Dodged            |    25 |    27 |    32 ||    84
Block: Shield            |    41 |    73 |    49 ||   163
